 Dungeon Crawl Stone Soup version 0.30-a0-748-ge6a52f7cba (webtiles) character file.

Game seed: 3331396575673361540

8 Esekla the Sneak (level 2, -1/21 HPs)
             Began as an Octopode Delver on Feb 8, 2023.
             Slain by a hound (5 damage)
             ... on level 5 of the Dungeon.
             The game lasted 00:01:13 (57 turns).

Esekla the Sneak (Octopode Delver)                    Turns: 57, Time: 00:01:14

Health: -1/21      AC:  1    Str: 11    XL:     2   Next: 8%
Magic:  2/2        EV: 13    Int: 12    God:
Gold:   11         SH:  0    Dex: 13    Spells: 1/1 levels left

rFire   . . .      SeeInvis .    a - +0 falchion
rCold   . . .      Faith    .    (no shield)
rNeg    . . .      Spirit   .    (helmet restricted)
rPois   .          Reflect  .    (no amulet)
rElec   .          Harm     .    (no ring)
rCorr   .          Rampage  .    (no ring)
Will    .....                    (no ring)
Stlth   ++++                     (no ring)
HPRegen 0.23/turn                (no ring)
MPRegen 0.08/turn                (no ring)
                                 (no ring)
                                 (no ring)

@: no status effects
A: almost no armour, amphibious, 8 rings, camouflage 1, gelatinous body 1,
(nimble swimmer 1), tentacles
a: no special abilities


You were on level 5 of the Dungeon.
You visited 1 branch of the dungeon, and saw 1 of its levels.

You collected 11 gold pieces.

Inventory:

Hand Weapons
 a - a +0 falchion (weapon)
Missiles
 i - 6 boomerangs (quivered)
Wands
 f - a wand of digging (3)
Scrolls
 b - a scroll of fog
 d - a scroll of fear
 h - a scroll of teleportation {unknown}
Potions
 c - a potion of heal wounds {unknown}
 e - a potion of haste
 g - a potion of curing {unknown}


   Skills:
 * Level 3.1 Fighting
 * Level 2.1 Long Blades
 * Level 2.1 Dodging
 + Level 6.8 Stealth
 * Level 0.2 Spellcasting


You had one spell level left.
You didn't know any spells.
Your spell library was empty.

Dungeon Overview and Level Annotations

Branches:
Dungeon (5/15)             Temple (0/1) D:5

Altars:


Innate Abilities, Weirdness & Mutations

You cannot wear most types of armour.
You are amphibious.
You can wear up to eight rings at the same time.
Your skin changes colour to match your surroundings (Stealth+).
Your rubbery body absorbs attacks. (AC +1, EV +1)
((You are camouflaged when in or above water. (Stealth+)))
You have tentacles for arms and can constrict up to eight enemies at once.


Message History

Found an emerald potion, a scroll labelled YGUQYN SITHANKONY and 6 boomerangs.
Found an escape hatch in the ceiling.
Found a stone staircase leading down and a stone staircase leading up.
g - an emerald potion
h - a scroll labelled YGUQYN SITHANKONY You see here 6 boomerangs.
i - 6 boomerangs
As you read the scroll of magic mapping, it crumbles to dust.
You feel aware of your surroundings.
Found a bubbling cyan potion.
Found 11 gold pieces.
A shadow imp comes into view.
Found a hand axe.
The shadow imp shouts!
You see here a bubbling cyan potion.
c - a bubbling cyan potion You closely miss the shadow imp.
You grab the shadow imp. You constrict the shadow imp.
The shadow imp misses you.
You hit the shadow imp.
The shadow imp is heavily wounded.
You constrict the shadow imp. The shadow imp hits you.
You hit the shadow imp.
The shadow imp is almost dead.
You constrict the shadow imp.
You kill the shadow imp!
You have reached level 2!
You now have 11 gold pieces.
A hound comes into view.
You completely miss the hound. You grab the hound.
You constrict the hound, but do no damage.
The hound bites you. x2
* * * LOW HITPOINT WARNING * * *
You slash the hound!
The hound is heavily wounded.
You constrict the hound. The hound misses you. The hound bites you.
* * * LOW HITPOINT WARNING * * *
You hit the hound but do no damage.
The hound is heavily wounded.
You constrict the hound. The hound bites you.
You die...

############
#..........#
#..........#
#..........#
#.....@h...#
######..####
#....#############
##.....##.........
###...##.########
#......# #.....##
*******#......#*
***,,,.....#.#...#**


You could see a hound.

Vanquished Creatures
  A shadow imp (D:5)
1 creature vanquished.

Notes
Turn   | Place    | Note
-------+----------+-------------------------------------------
     0 | D:5      | Esekla the Octopode Delver began the quest for the Orb.
     0 | D:5      | Reached XP level 1. HP: 16/16 MP: 1/1
    46 | D:5      | Reached XP level 2. HP: 14/21 MP: 2/2
    57 | D:5      | Slain by a hound

Illustrated notes

Levels and vault maps discovered:
D:5:      layout_rooms, minmay_temple_entry_waves,
          chequers_serial_rivers_micro_a

Action                     || total
---------------------------++-------
  Melee: Falchion          ||     6
         Constrict         ||     2
    Use: Scroll            ||     1
  Dodge: Dodged            ||     2

Table legend: (Time is in decaauts)
 A = Elapsed time spent in this place.
 B = Non-inter-level travel time spent in this place.
 C = Inter-level travel time spent in this place.
 D = Time resting spent in this place.
 E = Time spent auto-exploring this place.
 F = Levels seen in this place.
 G = Mean time per level.
                   A        B        C        D        E       F      G
               +--------+--------+--------+--------+--------+-----+--------+
         Total |     58 |     58 |      0 |      0 |      0 |   1 |   58.0 |
       Dungeon |     58 |     58 |      0 |      0 |      0 |   1 |   58.0 |
               +--------+--------+--------+--------+--------+-----+--------+

Top non-repeatable levels by time:
     D:5: 58 daAuts
